Map: Romanticide LE

Players

Astrea - Winner!

  • Race: Protoss Protoss

TriGGeR

  • Race: Protoss Protoss

Event: DreamHack SC2 Masters 2021 Winter

VOD

Have the link to the VOD?

Description

Time

  • Played on: Oct. 5, 2021, 5:07 p.m.
  • Length: 10:30

All games in this series

Show
View Real Time Build Order
Export as new Build Order

Astrea Protoss - Winner!

Build Orders: Phoenix Opening, Blink Stalkers 

Get SALT Encoding   

  12  0:00  Probe  
  13  0:12  Probe  
  14  0:17  Pylon  
  14  0:24  Probe (Chrono Boost)  
  16  0:36  Gateway, Probe (Chrono Boost)  
  16  0:43  Probe (Chrono Boost)  
  16  0:45  Assimilator  
  17  0:51  Probe  
  17  0:54  Assimilator  
  18  1:03  Probe (Chrono Boost)  
  19  1:08  Gateway  
  20  1:12  Probe (Chrono Boost)  
  20  1:17  Probe (Chrono Boost)  
  20  1:24  Cybernetics Core  
  21  1:29  Probe  
  22  1:36  Pylon  
  22  1:41  Probe  
  23  1:54  Probe  
  24  2:01  Adept x2, Warp Gate  
  24  2:06  Probe  
  29  2:15  Pylon  
  29  2:20  Probe  
  30  2:36  Sentry x2  
  33  2:46  Nexus  
  33  2:50  Probe  
  34  3:02  Probe, Sentry  
  37  3:06  Pylon  
  37  3:09  Phoenix  
  37  3:14  Twilight Council, Probe  
  38  3:26  Probe  
  39  3:38  Phoenix, Probe (Chrono Boost)  
  41  3:48  Blink (Chrono Boost), Probe (Chrono Boost)  
  41  3:50  Stalker x2  
  41  3:53  Probe (Chrono Boost)  
  46  4:00  Shield Battery  
  46  4:01  Probe  
  47  4:05  Probe  
  48  4:15  Stalker x2  
  52  4:17  Probe  
  52  4:21  Probe  
  54  4:26  Pylon  
  54  4:29  Probe  
  55  4:33  Probe  
  55  4:38  Stalker x2  
  60  4:41  Probe  
  60  4:45  Pylon  
  62  4:54  Probe  
  62  4:57  Nexus  
  62  5:04  Stalker  
  62  5:06  Stalker  
  66  5:10  Pylon  
  66  5:13  Probe x2  
  68  5:16  Assimilator  
  68  5:21  Forge  
  68  5:25  Probe x2  
  68  5:28  Robotics Facility  
  70  5:34  Protoss Ground Weapons Level 1 (Chrono Boost)  
  70  5:37  Probe x2  
  70  5:40  Stalker x2  
  76  5:49  Probe, Charge (Chrono Boost)  
  78  5:50  Probe  
  74  6:01  Probe  
  74  6:02  Probe  
  76  6:10  Probe  
  73  6:12  Stalker x2  
  73  6:13  Probe  
  73  6:14  Probe  
  79  6:22  Probe  
  76  6:25  Probe  
  76  6:26  Probe  
  76  6:32  Observer, Gateway  
  79  6:33  Gateway  
  79  6:34  Probe  
  79  6:38  Probe x2  
  80  6:42  Stalker x2  
  80  6:46  Probe  
  83  6:50  Probe x2  
  83  6:54  Gateway  
  83  6:55  Gateway  
  83  6:58  Probe  
  83  6:59  Gateway  
  84  7:01  Observer (Chrono Boost)  
  84  7:02  Gateway, Probe  
  86  7:10  Zealot, Sentry  
  86  7:15  Shield Battery  
  90  7:17  Pylon  
  90  7:19  Pylon  
  90  7:21  Pylon  
  90  7:22  Immortal (Chrono Boost)  
  93  7:25  Phoenix  
  93  7:27  Protoss Ground Weapons Level 2 (Chrono Boost)  
  93  7:30  Assimilator, Probe  
  95  7:39  Pylon  
  95  7:40  Zealot x4  
  101  7:51  Pylon  
  101  7:56  Zealot x4  
  101  7:57  Warp Prism (Chrono Boost), Templar Archives  
  111  7:58  Pylon  
  111  8:00  Assimilator  
  111  8:01  Assimilator  
  111  8:03  Pylon  
  111  8:04  Zealot x4  
  119  8:17  Zealot x4  
  127  8:23  Pylon  
  127  8:26  Zealot x4  
  135  8:37  Pylon  
  135  8:40  High Templar x3  
  141  8:42  High Templar  
  141  8:47  Archon x2  
  143  8:49  Nexus  
  143  8:59  Zealot x4  
  145  9:15  Zealot x2, High Templar x2  
  153  9:19  Archon  
  153  9:20  Zealot x4  
  149  9:29  Probe  
  136  9:32  Probe  
  123  9:42  Zealot x6  
  123  9:43  Observer  
  127  9:45  Probe x2  
  127  9:50  Probe  
  118  9:54  Stalker x2  
  118  9:57  Probe x2  
  120  10:02  Probe  
  120  10:03  Stalker x3  
  120  10:05  Probe  
  120  10:08  Stalker x2  
  120  10:09  Probe  
  120  10:10  Probe  
  120  10:13  High Templar  
  120  10:14  Probe  
  119  10:17  Probe  
  116  10:21  High Templar x2  
  120  10:27  Archon  
Show
View Real Time Build Order
Export as new Build Order

TriGGeR Protoss 

Build Orders: Oracle Opening 

Get SALT Encoding   

  12  0:00  Probe  
  13  0:12  Probe  
  14  0:20  Pylon  
  14  0:24  Probe  
  15  0:38  Probe (Chrono Boost)  
  15  0:40  Gateway  
  16  0:47  Assimilator, Probe (Chrono Boost)  
  17  0:52  Probe (Chrono Boost)  
  18  1:04  Probe (Chrono Boost)  
  19  1:13  Pylon  
  19  1:16  Probe (Chrono Boost)  
  20  1:21  Probe (Chrono Boost)  
  20  1:24  Assimilator  
  21  1:29  Cybernetics Core  
  21  1:31  Probe  
  24  1:43  Probe  
  25  1:55  Probe  
  25  1:58  Nexus  
  24  2:03  Stalker (Chrono Boost)  
  26  2:10  Warp Gate  
  26  2:13  Probe  
  27  2:20  Pylon  
  27  2:25  Probe  
  28  2:31  Stalker  
  30  2:40  Stargate  
  29  2:50  Gateway  
  29  2:54  Probe  
  30  3:05  Stalker  
  32  3:07  Probe (Chrono Boost)  
  32  3:11  Probe (Chrono Boost)  
  35  3:23  Probe (Chrono Boost)  
  35  3:24  Probe (Chrono Boost)  
  35  3:25  Oracle (Chrono Boost), Shield Battery  
  36  3:28  Probe (Chrono Boost)  
  36  3:32  Probe  
  41  3:39  Probe, Shield Battery  
  42  3:45  Probe  
  42  3:47  Gateway  
  43  3:51  Probe  
  47  3:55  Oracle  
  47  3:58  Probe  
  48  4:03  Pylon  
  48  4:04  Stalker  
  48  4:07  Probe  
  51  4:11  Probe  
  51  4:13  Assimilator  
  52  4:19  Probe  
  52  4:22  Twilight Council  
  52  4:23  Probe  
  54  4:31  Probe  
  55  4:36  Probe  
  56  4:42  Nexus  
  56  4:43  Probe  
  57  4:47  Stalker  
  57  4:49  Stalker  
  61  4:53  Blink (Chrono Boost)  
  61  4:56  Shield Battery  
  61  5:05  Gateway  
  61  5:10  Shield Battery  
  61  5:15  Pylon  
  61  5:19  Pylon  
  61  5:23  Gateway  
  61  5:27  Void Ray  
  61  5:33  Stalker x2  
  61  5:34  Probe  
  70  5:37  Probe  
  71  5:47  Probe (Chrono Boost)  
  71  5:49  Probe (Chrono Boost)  
  70  5:58  Probe (Chrono Boost)  
  70  5:59  Probe (Chrono Boost)  
  70  6:02  Probe (Chrono Boost), Forge  
  72  6:04  Robotics Facility  
  72  6:07  Stalker  
  72  6:09  Probe (Chrono Boost)  
  71  6:11  Stalker x2  
  71  6:14  Probe (Chrono Boost)  
  72  6:22  Probe (Chrono Boost)  
  72  6:25  Probe (Chrono Boost)  
  66  6:28  Shield Battery  
  66  6:30  Stalker x2  
  66  6:32  Probe (Chrono Boost)  
  71  6:35  Probe (Chrono Boost)  
  72  6:40  Stalker x2  
  72  6:41  Probe (Chrono Boost), Shield Battery  
  72  6:42  Probe (Chrono Boost)  
  77  6:49  Protoss Ground Weapons Level 1 (Chrono Boost)  
  77  6:53  Probe (Chrono Boost)  
  79  6:56  Assimilator, Probe (Chrono Boost)  
  79  6:57  Probe (Chrono Boost)  
  79  7:01  Probe (Chrono Boost)  
  81  7:03  Probe  
  81  7:05  Gateway  
  82  7:11  Gateway  
  82  7:16  Assimilator  
  82  7:19  Gateway  
  82  7:20  Pylon  
  82  7:22  Gateway  
  82  7:25  Immortal (Chrono Boost)  
  86  7:33  Pylon  
  86  7:34  Stalker x3  
  93  7:40  Pylon  
  93  7:41  Assimilator  
  93  7:42  Probe (Chrono Boost), Pylon  
  95  7:47  Probe x2 (Chrono Boost)  
  96  7:51  Probe (Chrono Boost)  
  96  7:54  Robotics Bay  
  96  7:55  Probe (Chrono Boost)  
  97  8:14  Stargate  
  97  8:15  Fleet Beacon, Pylon  
  97  8:22  Nexus  
  97  8:37  Photon Cannon  
  97  8:39  Photon Cannon x2, Disruptor (Chrono Boost)  
  97  8:40  Shield Battery  
  97  8:44  Stalker x4  
  108  8:50  Stalker x2  
  111  9:03  Zealot x2  
  111  9:08  Disruptor  
  111  9:09  Carrier  
  124  9:12  Pylon  
  124  9:15  Pylon  
  124  9:17  Pylon  
  124  9:18  Pylon  
  124  9:22  Pylon  
  124  9:26  Zealot x2  
  124  9:28  Zealot  
  124  9:29  Zealot x2  
  124  9:30  Zealot x3  
  83  9:49  Zealot x3  
  83  10:00  Zealot x2  
  72  10:08  Zealot  
  59  10:14  Zealot  

Tags
 
Add a new tag
Caveats
  • Supply blocks, unpowered buildings, or Contaminate may cause inaccurate times.
  • Supply counts are checked every 10 seconds.